Map: Ulrena

Players

ILLBdA

  • Race: Protoss Protoss
  • League: Diamond

해병 - Winner!

  • Race: Zerg Zerg
  • League: Diamond

VOD

Have the link to the VOD?

Description

Time

  • Played on: Jan. 3, 2016, 10:45 p.m.
  • Length: 4:13
Show
View Real Time Build Order
Export as new Build Order

ILLBdA Protoss 

Build Orders:  

Get SALT Encoding   

  12  0:04  Probe (Chrono Boost)  
  13  0:14  Probe (Chrono Boost)  
  14  0:25  Probe (Chrono Boost)  
  15  0:32  Pylon  
  15  0:51  Gateway  
  15  0:54  Gateway  
  15  0:58  Gateway  
  15  1:08  Gateway  
  15  1:22  Pylon  
  17  1:41  Zealot (Chrono Boost)  
  17  1:43  Zealot (Chrono Boost)  
  21  1:49  Zealot (Chrono Boost)  
  21  1:56  Pylon  
  21  1:57  Zealot (Chrono Boost)  
  25  2:10  Zealot (Chrono Boost)  
  25  2:13  Zealot (Chrono Boost)  
  29  2:24  Zealot (Chrono Boost)  
  29  2:28  Zealot (Chrono Boost)  
  33  2:40  Zealot (Chrono Boost)  
  33  2:45  Zealot (Chrono Boost)  
  33  2:53  Zealot (Chrono Boost)  
  33  2:57  Zealot (Chrono Boost)  
  33  3:08  Zealot (Chrono Boost)  
  35  3:14  Zealot (Chrono Boost)  
  35  3:20  Assimilator  
  35  3:29  Pylon  
  35  3:41  Pylon  
  35  3:42  Pylon  
Show
View Real Time Build Order
Export as new Build Order

해병 Zerg - Winner!

Build Orders: Hatch First 

Get SALT Encoding   

  12  0:01  Drone  
  13  0:08  Drone  
  14  0:17  Overlord  
  14  0:35  Drone x3  
  17  0:53  Hatchery  
  16  0:57  Extractor  
  16  0:58  Drone  
  16  1:02  Drone  
  17  1:19  Spawning Pool  
  17  1:22  Drone  
  17  1:23  Drone  
  18  1:30  Drone  
  19  1:39  Overlord  
  19  2:06  Metabolic Boost, Zergling x4  
  21  2:08  Queen  
  21  2:15  Zergling x2  
  24  2:17  Zergling x4  
  24  2:21  Spine Crawler  
  25  2:24  Zergling x2  
  25  2:37  Zergling x2  
  23  2:44  Spine Crawler  
  17  3:01  Zergling x2  
  17  3:05  Zergling x2  
  17  3:12  Zergling x2  
  17  3:29  Drone x2  
  19  3:35  Drone  
  20  3:49  Drone  
  17  3:56  Drone x3  
Tags
 
Matchup
PvZ
Replay Pack
me
Add a new tag
Caveats
  • Supply blocks, unpowered buildings, or Contaminate may cause inaccurate times.
  • Supply counts are checked every 10 seconds.